 Dungeon Crawl Stone Soup version 0.23-a0-644-gb60d84b (webtiles) character file.

5056 TheGoonsmith the Cleaver (level 10, 0/77 HPs)
             Began as a Formicid Fighter on Jan 1, 2019.
             Was a Believer of Uskayaw.
             Killed from afar by a fire dragon (10 damage)
             ... with a blast of flame
             ... on level 13 of the Dungeon.
             The game lasted 00:22:08 (10151 turns).

TheGoonsmith the Cleaver (Formicid Fighter)        Turns: 10151, Time: 00:22:09

Health: 0/77       AC: 15    Str: 23    XL:     10   Next: 86%
Magic:  13/13      EV: 13    Int:  8    God:    Uskayaw [**....]
Gold:   558        SH: 12    Dex: 16    Spells: 9/9 levels left

rFire    + . .     SeeInvis +   l - +2 hand axe (vamp)
rCold    + . .     Gourm    .   c - +0 shield
rNeg     . . .     Faith    .   K - +0 plate armour
rPois    .         Spirit   .   (helmet unavailable)
rElec    .         Reflect  .   C - scarf {rC+ rF+}
rCorr    .         Harm     .   F - +0 pair of gloves
MR       +....                  s - +0 pair of boots
Stlth    ..........             (no amulet)
HPRegen  0.22/turn              (no ring)
MPRegen  0.13/turn              (no ring)

@: agile, very slightly contaminated, invisible
A: permanent stasis, dig shafts and tunnels, four strong arms, antennae 3
a: Dig, Shaft Self, Stomp, Line Pass, Renounce Religion


You were on level 13 of the Dungeon.
You worshipped Uskayaw.
Uskayaw was noncommittal.
You were hungry.

You visited 2 branches of the dungeon, and saw 13 of its levels.

You collected 668 gold pieces.
You spent 110 gold pieces at shops.

Inventory:

Hand Weapons
 a - a +0 war axe
 b - a +0 hunting sling
 l - a +2 vampiric hand axe (weapon)
 y - a +0 broad axe
Missiles
 i - 84 bolts
 j - 46 sling bullets
 k - 378 stones
 L - 3 throwing nets (quivered)
Armour
 c - a +0 shield (worn)
 e - a +0 scale mail
 s - a +0 pair of boots (worn)
 u - a +0 chain mail
 C - a scarf of resistance (worn)
 F - a +0 pair of gloves (worn)
 K - a +0 plate armour (worn)
Jewellery
 N - an uncursed ring of protection from fire {unknown}
 O - an uncursed ring of see invisible {unknown}
Wands
 q - a wand of disintegration (21)
 t - a wand of polymorph (4)
 D - a wand of scattershot (6)
 I - a wand of digging (8)
Scrolls
 m - 6 scrolls of immolation
 o - a scroll of magic mapping
 p - 4 scrolls of remove curse
 r - 3 scrolls of identify
 v - 3 scrolls of amnesia
 E - 3 scrolls of fog
 G - a scroll of enchant armour {unknown}
 J - a scroll of enchant weapon
Potions
 d - 2 potions of magic
 h - a potion of heal wounds
 n - 5 potions of curing
 w - 2 potions of mutation
 x - 3 potions of degeneration
 z - a potion of brilliance
 A - 3 potions of haste
 H - a potion of might
 M - 3 potions of agility
 P - 4 potions of flight {unknown}
Comestibles
 f - 20 rations


   Skills:
 + Level 6.4 Fighting
 + Level 10.5 Axes
 + Level 6.5 Armour
 + Level 3.1 Dodging
 - Level 9.0 Shields
 + Level 4.1 Invocations


You had 9 spell levels left.
You didn't know any spells.
Your spell library contained the following spells:

 Spells                   Type           Power        Failure   Level  Hunger
 Animate Skeleton         Necr           N/A          100%        1    ##.....
 Apportation              Tloc           #.....       100%        1    ##.....
 Confusing Touch          Hex            #.....       100%        1    ##.....
 Magic Dart               Conj           #...         100%        1    ##.....
 Pain                     Necr           #...         100%        1    ##.....
 Shock                    Conj/Air       #...         100%        1    ##.....
 Summon Small Mammal      Summ           #...         100%        1    ##.....
 Call Imp                 Summ           #.......     100%        2    ###....
 Searing Ray              Conj           #.....       100%        2    ###....
 Swiftness                Chrm/Air       #.......     100%        2    ###....
 Call Canine Familiar     Summ           #.......     100%        3    ####...
 Dazzling Spray           Conj/Hex       #.....       100%        3    ####...
 Regeneration             Chrm/Necr      #.........   100%        3    ####...
 Static Discharge         Conj/Air       #.......     100%        3    ####...
 Summon Guardian Golem    Hex/Summ       #.......     100%        3    ####...
 Vampiric Draining        Necr           #.........   100%        3    ####...
 Airstrike                Air            #.........   100%        4    #####..
 Animate Dead             Necr           N/A          100%        4    #####..
 Force Lance              Conj/Tloc      #.......     100%        4    #####..
 Fulminant Prism          Conj/Hex       #.........   100%        4    #####..
 Iskenderun's Mystic Bla  Conj           #.......     100%        4    #####..
 Summon Ice Beast         Ice/Summ       #.......     100%        4    #####..
 Summon Lightning Spire   Summ/Air       #.......     100%        4    #####..
 Lightning Bolt           Conj/Air       #.........   100%        5    ######.


Dungeon Overview and Level Annotations

Branches:
Dungeon (13/15)            Temple (1/1) D:5            Lair (0/6) D:10
    Orc (0/2) D:10
 Vaults: D:13-14

Altars:
Ashenzari
Cheibriados
Dithmenos
Elyvilon
Fedhas
Gozag
Hepliaklqana
Kikubaaqudgha
Makhleb
Nemelex Xobeh
Okawaru
Qazlal
Ru
Sif Muna
Trog
Uskayaw
Vehumet
Wu Jian
Xom
Yredelemnul
Zin
The Shining One

Shops:
D:9 !


Innate Abilities, Weirdness & Mutations

You cannot be hasted, slowed, berserked, paralysed or teleported.
You can dig through walls and to a lower floor.
Your four strong arms can wield two-handed weapons with a shield.
You have a pair of large antennae on your head. (SInv)


Message History

The blast of flame misses you.
Your plate armour prevents you from hitting the fire dragon.
The fire dragon is almost dead.
You hit the fire dragon.
The fire dragon is almost dead.
The fire dragon bites you!
* * * LOW HITPOINT WARNING * * *
The fire dragon misses you. The fire dragon closely misses you.
Unknown command.
You strike the helpless fire dragon from behind!
You hit the fire dragon but do no damage.
The fire dragon is almost dead.
The fire dragon bites you but does no damage.
The fire dragon claws you!
* * * LOW HITPOINT WARNING * * *
You block the fire dragon's attack.
You feel better. The fire dragon breathes flames at you.
The blast of flame hits you! You resist.
You die...

... #...... ....
#.....#
.....#.....#
...).#.....##
............#
............######
........<........#
....$....D.......#
..........@......#
.....#############
..... .... ... ...


You could see a fire dragon.

Vanquished Creatures
  Harold (D:8)
  A troll (D:9)
  2 hippogriffs (D:9)
  3 yaks (D:8)
  3 orc warriors
  2 sky beasts
  4 phantoms
  2 black bears
  4 ogres
  2 centaurs
  A crocodile (D:8)
  Blork the orc (D:5)
  A big kobold (D:9)
  4 bullfrogs
  A scorpion (D:7)
  2 howler monkeys (D:8)
  2 electric eels (D:6)
  2 crimson imps
  3 hounds
  A bullfrog skeleton (D:8)
  A jelly (D:8)
  A quasit (D:9)
  2 orc priests
  A centaur skeleton (D:4)
  3 iguanas
  7 orc wizards
  7 worker ants
  Ijyb (D:5)
  A hound zombie (D:5)
  A hound skeleton (D:5)
  A worker ant zombie (D:5)
  7 adders
  4 gnolls
  A shadow imp (D:6)
  4 oozes
  An adder zombie (D:5)
  2 adder skeletons
  A worm (D:3)
  2 dart slugs
  2 leopard geckos (D:5)
  56 orcs
  12 bats
  4 giant cockroaches
  14 goblins
  8 hobgoblins
  4 jackals (D:4)
  2 quokkas
  3 ball pythons
  3 frilled lizards
  12 kobolds
  2 quokka skeletons (D:7)
  13 rats
225 creatures vanquished.

Notes
Turn   | Place    | Note
-------+----------+-------------------------------------------
     0 | D:1      | TheGoonsmith the Formicid Fighter began the quest for the
                  | Orb.
     0 | D:1      | Reached XP level 1. HP: 18/18 MP: 1/1
   215 | D:1      | Reached XP level 2. HP: 24/24 MP: 2/2
   534 | D:1      | Reached XP level 3. HP: 23/29 MP: 3/3
  1384 | D:2      | Reached XP level 4. HP: 21/37 MP: 4/4
  1674 | D:2      | Reached skill level 3 in Axes
  1961 | D:2      | Noticed an orc warrior
  1987 | D:2      | Killed an orc warrior
  1987 | D:2      | Reached XP level 5. HP: 13/42 MP: 5/5
  2501 | D:3      | Reached XP level 6. HP: 48/48 MP: 6/6
  2776 | D:3      | Reached skill level 4 in Axes
  3315 | D:4      | Reached skill level 5 in Shields
  3501 | D:4      | Reached XP level 7. HP: 54/55 MP: 7/7
  3575 | D:4      | Reached skill level 5 in Axes
  3600 | D:4      | Reached skill level 5 in Armour
  3952 | D:4      | Reached skill level 5 in Fighting
  4151 | D:4      | Found a burning altar of Makhleb.
  4154 | D:4      | Found a hide-covered altar of Uskayaw.
  4158 | D:4      | Became a worshipper of Uskayaw the Reveler
  4164 | D:4      | Found a basalt altar of Yredelemnul.
  4167 | D:4      | Found a snail-covered altar of Cheibriados.
  4472 | D:5      | Entered Level 5 of the Dungeon
  4485 | D:5      | Reached * piety under Uskayaw
  4507 | D:5      | Noticed Blork the orc
  4517 | D:5      | Reached ** piety under Uskayaw
  4526 | D:5      | Killed Blork the orc
  4526 | D:5      | Reached XP level 8. HP: 30/62 MP: 8/8
  4526 | D:5      | Reached *** piety under Uskayaw
  4559 | D:5      | Reached skill level 6 in Axes
  4748 | D:5      | Found a staircase to the Ecumenical Temple.
  4782 | Temple   | Entered the Ecumenical Temple
  5019 | D:5      | Noticed Ijyb
  5031 | D:5      | Killed Ijyb
  5308 | D:5      | Reached skill level 7 in Axes
  5956 | D:6      | Found an ornate altar of the Wu Jian Council.
  6019 | D:6      | Reached XP level 9. HP: 41/68 MP: 9/9
  6382 | D:6      | Reached skill level 8 in Axes
  7758 | D:8      | Reached skill level 9 in Axes
  7765 | D:8      | Reached **** piety under Uskayaw
  7774 | D:8      | Reached ***** piety under Uskayaw
  7988 | D:8      | Reached skill level 10 in Axes
  7992 | D:8      | Reached XP level 10. HP: 68/74 MP: 10/10
  7995 | D:8      | Reached skill level 1 in Dodging
  7995 | D:8      | Reached skill level 1 in Invocations
  8326 | D:8      | Noticed Harold
  8407 | D:8      | Killed Harold
  8722 | D:8      | Found a shattered altar of Ashenzari.
  9466 | D:9      | Reached ****** piety under Uskayaw
  9690 | D:9      | Found Iday's Distillery.
  9698 | D:9      | Bought a potion of curing for 30 gold pieces
  9698 | D:9      | Bought a potion of agility for 40 gold pieces
  9698 | D:9      | Bought a potion of agility for 40 gold pieces
 10051 | D:10     | Entered Level 10 of the Dungeon
 10060 | D:10     | Found a staircase to the Orcish Mines.
 10067 | D:10     | Noticed a fire dragon
 10070 | D:10     | Noticed an orc knight
 10087 | D:10     | Found a staircase to the Lair.
 10098 | D:10     | HP: 1/77 [fire dragon/blast of flame (15)]
 10099 | D:10     | You fall through a shaft for 2 floors!
 10108 | D:12     | Noticed a four-headed hydra
 10122 | D:13     | HP: 1/77 [fire dragon/blast of flame (23)]
 10151 | D:13     | Killed from afar by a fire dragon

Vault maps used:
D:1:      dpeg_arrival_three_smaller_balls, corner_web_ring, minmay_bisected
D:2:      kennysheep_potato
D:3:      minmay_diamond_boxcup, corexii_leaking_fountain
D:4:      grunt_temple_overflow_cloverleaf, first_ration
D:5:      minmay_temple_entry_offerings, chequers_serial_rivers_micro_a,
          uniq_blork_the_orc, uniq_ijyb
D:6:      corexii_shantytown, lemuel_round_altar, hangedman_decor_push,
          kennysheep_boxes
D:8:      lemuel_coloured_pillars_altar, st_stairs_8, abandoned_shop,
          uniq_harold
D:9:      special_room, serial_shops, shop
D:10:     minmay_lair_entry_lava, orc_david_3, hangedman_pestilent_swarm,
          elyvilon_altar_5
D:12:     serial_ice, serial_ice_j, serial_ice_o, serial_ice_b, serial_ice_h,
          bloody_makhleb
D:13:     roderic_serpentine_path, uniq_maurice, uniq_frances
Temple:   eino_temple_rhombus

Skill      XL: |  1  2  3  4  5  6  7  8  9 10 |
---------------+-------------------------------+-----
Shields        | 4 5 7 9 |  9.0
Axes           | 3 4 5 7 10 | 10.5
Fighting       | 4 5 6 |  6.4
Armour         | 4 5 6 |  6.5
Dodging        | 3 |  3.1
Invocations    | 4 |  4.1

Action                   |  1- 3 |  4- 6 |  7- 9 | 10-12 || total
-------------------------+-------+-------+-------+-------++-------
Melee: War axe           |    87 |   146 |    56 |       ||   289
       Hand axe          |       |       |   417 |   322 ||   739
 Fire: Hunting sling     |       |    28 |    41 |       ||    69
 Abil: Dig               |       |     1 |     1 |     1 ||     3
       Shaft Self        |       |       |       |     1 ||     1
  Use: Potion            |     1 |     1 |       |    13 ||    15
       Scroll            |       |       |    19 |     3 ||    22
 Stab: Paralysed         |       |       |    12 |    24 ||    36
       Invisible         |       |       |       |    12 ||    12
  Eat: Chunk             |     1 |     8 |    12 |     4 ||    25
       Ration            |       |       |     2 |     1 ||     3
Armor: Scale mail        |    52 |    14 |       |       ||    66
       Chain mail        |       |    67 |   119 |       ||   186
       Plate armour      |       |       |    27 |   161 ||   188
Dodge: Dodged            |    30 |    49 |    80 |    99 ||   258
Block: Shield            |    43 |    76 |   198 |   166 ||   483

Table legend:
 A = Non-vault XP
 B = Vault XP
 C = Vault XP percentage of total XP
 D = Non-vault monster count
 E = Vault monster count
 F = Vault count percentage of total count
                 A         B        C        D         E       F
            +---------+---------+-------+---------+---------+-------
      Total |    5571 |    1653 |  22.9 |     159 |      66 |  29.3
            +---------+---------+-------+---------+---------+-------
        D:1 |      38 |       1 |   2.6 |      15 |       1 |   6.2
        D:2 |     228 |       1 |   0.4 |      18 |       1 |   5.3
        D:3 |     131 |      24 |  15.5 |      24 |       7 |  22.6
        D:4 |     476 |       0 |   0.0 |      22 |       0 |   0.0
        D:5 |     684 |     133 |  16.3 |      18 |       2 |  10.0
        D:6 |     833 |      86 |   9.4 |      22 |      25 |  53.2
        D:7 |     510 |       0 |   0.0 |       9 |       0 |   0.0
        D:8 |    1214 |    1160 |  48.9 |      12 |       2 |  14.3
        D:9 |    1415 |     242 |  14.6 |      18 |      26 |  59.1
       D:10 |      42 |       6 |  12.5 |       1 |       2 |  66.7
            +---------+---------+-------+---------+---------+-------
